AA NE
HARRISBURG SENATORS @ PORTLAND SEA DOGS
06/29/2041
 
TOP OF THE 1ST
Harrisburg Senators batting - Pitching for Portland Sea Dogs : RHP Vince Watson
Pitching: RHP Vince Watson
Batting: RHB Jeff Lee 0-0: Called Strike
0-1: Foul Ball, location: 5FF
0-2: Ball
1-2: Ball
2-2: Ball
3-2: Ground out 4-3 (Groundball, 4, EV 96.3 MPH)
Batting: RHB Jake Johnson 0-0: Foul Ball, location: 5F
0-1: Foul Ball, location: 7LSF
0-2: Ball
1-2: Ball
2-2: Fly out, F7 (Flyball, 7LM, EV 87.5 MPH)
Batting: RHB Esteban Gonzáles 0-0: Ground out U3 (Groundball, 34, EV 84.4 MPH)
Top of the 1st over - 0 runs, 0 hits, 0 errors, 0 left on base; Harrisburg 0 - Portland 0
BOTTOM OF THE 1ST
Portland Sea Dogs batting - Pitching for Harrisburg Senators : LHP Dave Smith
Pitching: LHP Dave Smith
Batting: LHB Doug Rush 0-0: Ground out 3-1 (Groundball, 34S, EV 78.8 MPH)
Batting: LHB Steve Maddox 0-0: Foul Ball, location: 7LDF
0-1: Ball
1-1: Fly out, F7 (Flyball, 7LM, EV 101.3 MPH)
Batting: RHB Jesús Bravo 0-0: Ball
1-0: Ball
2-0: Ball
3-0: Base on Balls
Batting: LHB Pete Holmes 0-0: Ball
1-0: Swinging Strike
1-1: Ball
2-1: Swinging Strike
2-2: Strikes out looking
Bottom of the 1st over - 0 runs, 0 hits, 0 errors, 1 left on base; Harrisburg 0 - Portland 0
TOP OF THE 2ND
Harrisburg Senators batting - Pitching for Portland Sea Dogs : RHP Vince Watson
Batting: LHB Josh Battle 0-0: Ball
1-0: Called Strike
1-1: Foul Ball, location: 23FF
1-2: SINGLE (Line Drive, 78S, EV 104.4 MPH)
Batting: RHB Jeremy Brennan 0-0: Ball
1-0: Ball
2-0: Fly out, F8 (Flyball, 8RD, EV 101.3 MPH)
Batting: RHB José Sousa 0-0: Foul Ball, location: 23FF
0-1: Ball
1-1: Foul Ball, location: 2F
1-2: Fly out, F9 (Flyball, 9LM, EV 93.8 MPH)
Batting: RHB Stan Boone 0-0: Ball
1-0: Swinging Strike
1-1: DOUBLE (Flyball, 89XD, EV 108.8 MPH)
Josh Battle to third
Runner from 3rd tries for Home, SAFE, throw by CF to trailing runner, SAFE at third!
Batting: RHB Enrico Rodríguez 0-0: Ball
1-0: SINGLE (Line Drive, 8LS, EV 98.1 MPH)
Stan Boone scores
Batting: RHB Eric Fleming 0-0: Ball
Enrico Rodríguez is caught stealing 2nd base 2-4
Top of the 2nd over - 2 runs, 3 hits, 0 errors, 0 left on base; Harrisburg 2 - Portland 0
BOTTOM OF THE 2ND
Portland Sea Dogs batting - Pitching for Harrisburg Senators : LHP Dave Smith
Batting: LHB Ron Palma 0-0: Ball
1-0: Swinging Strike
1-1: Called Strike
1-2: Strikes out swinging
Batting: SHB Tony Robles 0-0: Swinging Strike
0-1: Ball
1-1: SINGLE (Groundball, 34S, EV 91.3 MPH)
Batting: RHB Ánibal Rentería 0-0: SINGLE (Line Drive, 56, EV 103.1 MPH)
Tony Robles to second
Batting: RHB Jorge Francots 0-0: Fly out, F9 (Flyball, 9LMF, EV 83.8 MPH)
Batting: RHB Héctor Gallegos 0-0: Fly out, F7 (Flyball, 7LM, EV 90.0 MPH)
Bottom of the 2nd over - 0 runs, 2 hits, 0 errors, 2 left on base; Harrisburg 2 - Portland 0
TOP OF THE 3RD
Harrisburg Senators batting - Pitching for Portland Sea Dogs : RHP Vince Watson
Batting: RHB Eric Fleming 0-0: Ball
1-0: Called Strike
1-1: Ball
2-1: Called Strike
2-2: Strikes out looking
Batting: RHB Jeff Lee 0-0: Ball
1-0: Ball
2-0: Ball
3-0: Base on Balls
Batting: RHB Jake Johnson 0-0: Called Strike
0-1: Swinging Strike
0-2: Ball
1-2: Foul Ball, location: 9LSF
1-2: Ball
2-2: Foul Ball, location: 5F
2-2: Foul Ball, location: 2F
2-2: Grounds into double play, 5-4-3 (Groundball, 56, EV 89.4 MPH)
Top of the 3rd over - 0 runs, 0 hits, 0 errors, 0 left on base; Harrisburg 2 - Portland 0
BOTTOM OF THE 3RD
Portland Sea Dogs batting - Pitching for Harrisburg Senators : LHP Dave Smith
Batting: LHB Doug Rush 0-0: Ball
1-0: Ball
2-0: Called Strike
2-1: Swinging Strike
2-2: DOUBLE (Line Drive, 7LM, EV 104.4 MPH)
Batting: LHB Steve Maddox 0-0: Ball
1-0: Foul Ball, location: 7LMF
1-1: Called Strike
1-2: Ground out 6-3 (Groundball, 6M, EV 103.1 MPH)
Doug Rush to third
Batting: RHB Jesús Bravo 0-0: Ball
1-0: Fly out, F8 (Flyball, 78D, EV 95.0 MPH)
Runner from 3rd tags up, OUT at HOME! 8-2
Bottom of the 3rd over - 0 runs, 1 hit, 0 errors, 0 left on base; Harrisburg 2 - Portland 0
TOP OF THE 4TH
Harrisburg Senators batting - Pitching for Portland Sea Dogs : RHP Vince Watson
Batting: RHB Esteban Gonzáles 0-0: Swinging Strike
0-1: Foul Ball, location: 5DF
0-2: Ball
1-2: SINGLE (Line Drive, 8LS, EV 104.4 MPH)
Batting: LHB Josh Battle 0-0: Ground out U3 (Groundball, 3L, EV 63.1 MPH)
Esteban Gonzáles to second
Batting: RHB Jeremy Brennan 0-0: Ball
1-0: Foul Ball, location: 2F
1-1: Ball
2-1: Swinging Strike
2-2: Fly out, F8 (Flyball, 89S, EV 90.6 MPH)
Batting: RHB José Sousa 0-0: Fly out, F5 (Popup, 56S, EV 67.5 MPH)
Top of the 4th over - 0 runs, 1 hit, 0 errors, 1 left on base; Harrisburg 2 - Portland 0
BOTTOM OF THE 4TH
Portland Sea Dogs batting - Pitching for Harrisburg Senators : LHP Dave Smith
Batting: LHB Pete Holmes 0-0: Ball
1-0: Fly out, F8 (Flyball, 8LM, EV 95.6 MPH)
Batting: LHB Ron Palma 0-0: Ball
1-0: Ball
2-0: Fly out, F8 (Flyball, 8LD, EV 99.4 MPH)
Batting: SHB Tony Robles 0-0: Ball
1-0: Ball
2-0: Ball
3-0: Base on Balls
Batting: RHB Ánibal Rentería 0-0: Called Strike
0-1: Ball
1-1: Ball
2-1: Ball
3-1: Fly out, F8 (Flyball, 89M, EV 85.0 MPH)
Bottom of the 4th over - 0 runs, 0 hits, 0 errors, 1 left on base; Harrisburg 2 - Portland 0
TOP OF THE 5TH
Harrisburg Senators batting - Pitching for Portland Sea Dogs : RHP Vince Watson
Batting: RHB Stan Boone 0-0: Ball
1-0: Called Strike
1-1: Called Strike
1-2: Fly out, F9 (Line Drive, 89S, EV 88.8 MPH)
Batting: RHB Enrico Rodríguez 0-0: Fly out, F8 (Line Drive, 89D, EV 91.9 MPH)
Batting: RHB Eric Fleming 0-0: Fly out, F4 (Popup, 34D, EV 58.8 MPH)
Top of the 5th over - 0 runs, 0 hits, 0 errors, 0 left on base; Harrisburg 2 - Portland 0
BOTTOM OF THE 5TH
Portland Sea Dogs batting - Pitching for Harrisburg Senators : LHP Dave Smith
Batting: RHB Jorge Francots 0-0: Called Strike
0-1: Called Strike
0-2: Ball
1-2: Ground out 4-3 (Groundball, 4, EV 85.0 MPH)
Batting: RHB Héctor Gallegos 0-0: SINGLE (Groundball, 6MD, EV 98.8 MPH)
Batting: LHB Doug Rush 0-0: Called Strike
0-1: Ball
1-1: Sac Bunt to 2R - play at first, batter OUT! 2-3
Héctor Gallegos to second
Batting: LHB Steve Maddox 0-0: Ground out 3-1 (Groundball, 34, EV 85.6 MPH)
Bottom of the 5th over - 0 runs, 1 hit, 0 errors, 1 left on base; Harrisburg 2 - Portland 0
TOP OF THE 6TH
Harrisburg Senators batting - Pitching for Portland Sea Dogs : RHP Vince Watson
Batting: RHB Jeff Lee 0-0: Called Strike
0-1: Swinging Strike
0-2: Ground out 6-3 (Groundball, 6, EV 87.5 MPH)
Batting: RHB Jake Johnson 0-0: Ball
1-0: Ball
2-0: Ground out 6-3 (Groundball, 6, EV 88.1 MPH)
Batting: RHB Esteban Gonzáles 0-0: Ball
1-0: Ground out 5-3 (Groundball, 56S, EV 91.3 MPH)
Top of the 6th over - 0 runs, 0 hits, 0 errors, 0 left on base; Harrisburg 2 - Portland 0
BOTTOM OF THE 6TH
Portland Sea Dogs batting - Pitching for Harrisburg Senators : LHP Dave Smith
Batting: RHB Jesús Bravo 0-0: Called Strike
0-1: Foul Ball, location: 2F
0-2: Strikes out swinging
Batting: LHB Pete Holmes 0-0: Fly out, F7 (Flyball, 7, EV 85.0 MPH)
Batting: LHB Ron Palma 0-0: Ball
1-0: Foul Ball, location: 9LSF
1-1: Ball
2-1: Ball
3-1: Called Strike
3-2: DOUBLE (Line Drive, 8LD, EV 89.4 MPH)
Batting: SHB Tony Robles 0-0: Ball
1-0: Swinging Strike
1-1: Fly out, F7 (Flyball, 7D, EV 100.0 MPH)
Bottom of the 6th over - 0 runs, 1 hit, 0 errors, 1 left on base; Harrisburg 2 - Portland 0
TOP OF THE 7TH
Harrisburg Senators batting - Pitching for Portland Sea Dogs : RHP Vince Watson
Batting: LHB Josh Battle 0-0: Called Strike
0-1: SINGLE (Line Drive, 5D, EV 98.1 MPH)
Batting: RHB Jeremy Brennan 0-0: Called Strike
0-1: Ball
1-1: Foul Ball, location: 2F
1-2: Strikes out looking
Batting: RHB José Sousa 0-0: Called Strike
0-1: Ball
1-1: Ball
2-1: Ball
3-1: Fly out, F2 (Popup, 23F, EV 78.1 MPH)
Batting: RHB Stan Boone 0-0: SINGLE (Groundball, 4MD, EV 94.4 MPH)
Josh Battle to second
Runner from 2nd tries for 3rd, SAFE, no throw by CF
Batting: RHB Enrico Rodríguez 0-0: Ball
1-0: Called Strike
1-1: Foul Ball, location: 2F
1-2: Foul Ball, location: 9LDF
1-2: Fly out, F8 (Flyball, 8RM, EV 97.5 MPH)
Top of the 7th over - 0 runs, 2 hits, 0 errors, 2 left on base; Harrisburg 2 - Portland 0
BOTTOM OF THE 7TH
Portland Sea Dogs batting - Pitching for Harrisburg Senators : LHP Dave Smith
Batting: RHB Ánibal Rentería 0-0: Ball
1-0: Fly out, F8 (Flyball, 78D, EV 100.6 MPH)
Batting: RHB Jorge Francots 0-0: Called Strike
0-1: Ball
1-1: Ball
2-1: Ball
3-1: SINGLE (Line Drive, 7S, EV 109.4 MPH)
Batting: RHB Héctor Gallegos 0-0: Ball
1-0: Foul Ball, location: 5FF
1-1: Grounds into double play, 5-4-3 (Groundball, 5L, EV 100.0 MPH)
Bottom of the 7th over - 0 runs, 1 hit, 0 errors, 0 left on base; Harrisburg 2 - Portland 0
TOP OF THE 8TH
Harrisburg Senators batting - Pitching for Portland Sea Dogs : RHP Vince Watson
Batting: RHB Eric Fleming 0-0: Ball
1-0: Ball
2-0: Foul Ball, location: 2F
2-1: Ball
3-1: Called Strike
3-2: Base on Balls
Batting: RHB Jeff Lee 0-0: Sac Bunt to 23 - play at first, batter OUT! 3-4
Eric Fleming to second
Batting: RHB Jake Johnson 0-0: Fly out, F9 (Flyball, 9LS, EV 96.3 MPH)
Batting: RHB Esteban Gonzáles 0-0: Ball
1-0: Ball
2-0: Called Strike
2-1: Foul Ball, location: 5FF
2-2: Foul Ball, location: 25F
2-2: Ground out 4-3 (Groundball, 4MD, EV 97.5 MPH)
Top of the 8th over - 0 runs, 0 hits, 0 errors, 1 left on base; Harrisburg 2 - Portland 0
BOTTOM OF THE 8TH
Portland Sea Dogs batting - Pitching for Harrisburg Senators : LHP Dave Smith
Batting: LHB Doug Rush 0-0: Ball
1-0: Called Strike
1-1: Swinging Strike
1-2: Foul Ball, location: 23F
1-2: Foul Ball, location: 7LMFF
1-2: Foul Ball, location: 5FF
1-2: Foul Ball, location: 5FF
1-2: Ground out 4-3 (Groundball, 4S, EV 86.3 MPH)
Batting: LHB Steve Maddox 0-0: Ball
1-0: Swinging Strike
1-1: Called Strike
1-2: SINGLE (Groundball, 6MD, EV 96.3 MPH)
Batting: RHB Jesús Bravo 0-0: Called Strike
0-1: Ball
1-1: Foul Ball, location: 25FF
1-2: Strikes out looking
Batting: LHB Pete Holmes 0-0: Ball
1-0: DOUBLE (Line Drive, 89XD, EV 105.6 MPH)
Steve Maddox to third
Pitching: RHP Rob Bush
Batting: LHB Ron Palma 0-0: Ball
1-0: Swinging Strike
1-1: Ball
2-1: Called Strike
2-2: Ball
3-2: Fly out, F7 (Flyball, 78M, EV 95.6 MPH)
Bottom of the 8th over - 0 runs, 2 hits, 0 errors, 2 left on base; Harrisburg 2 - Portland 0
TOP OF THE 9TH
Harrisburg Senators batting - Pitching for Portland Sea Dogs : RHP Vince Watson
Pitching: LHP Héctor Hinojosa
Pinch Hitting: SHB Benny Ward 0-0: Called Strike
0-1: Ball
1-1: Foul Ball, location: 2F
1-2: SINGLE (Line Drive, 9LS, EV 103.8 MPH)
Batting: RHB Jeremy Brennan 0-0: Ball
1-0: Ball
2-0: Ball
3-0: Base on Balls
Benny Ward to second
Batting: RHB José Sousa 0-0: Called Strike
0-1: Sac Bunt to 15S - play at first, batter OUT! 1-3
Benny Ward to third
Jeremy Brennan to second
Batting: RHB Stan Boone 0-0: Ball
1-0: Ball
2-0: Ball
3-0: Called Strike
3-1: Foul Ball, location: 2F
3-2: SINGLE (Groundball, 6MD, EV 106.9 MPH)
Benny Ward scores
Jeremy Brennan to third
Batting: RHB Enrico Rodríguez 0-0: Ball
1-0: Ball
2-0: Swinging Strike
2-1: Swinging Strike
2-2: Ball
3-2: Base on Balls
Stan Boone to second
Batting: RHB Eric Fleming 0-0: Ball
1-0: Foul Ball, location: 2F
1-1: Grounds into double play, 5-2-3 (Groundball, 5S, EV 87.5 MPH)
Top of the 9th over - 1 run, 2 hits, 0 errors, 2 left on base; Harrisburg 3 - Portland 0
BOTTOM OF THE 9TH
Portland Sea Dogs batting - Pitching for Harrisburg Senators : RHP Rob Bush
Pitching: LHP Dave Murphy
Now at 1B: Benny Ward
Now in LF: José Sousa
Now in RF: Bob Sizemore
Batting: SHB Tony Robles 0-0: Ground out 4-3 (Groundball, 4, EV 82.5 MPH)
Batting: RHB Ánibal Rentería 0-0: Ball
1-0: Called Strike
1-1: Ball
2-1: Ball
3-1: Swinging Strike
3-2: Strikes out looking
Batting: RHB Jorge Francots 0-0: Ball
1-0: Called Strike
1-1: Ball
2-1: Ball
3-1: Foul Ball, location: 9LDF
3-2: Ground out 1-3 (Groundball, 15S, EV 76.3 MPH)
Bottom of the 9th over - 0 runs, 0 hits, 0 errors, 0 left on base; Harrisburg 3 - Portland 0
Monday, April 1st , 2024 - OOTP Baseball 24.10 Build 82